Map: Ever Dream LE

Players

Benrar

  • Race: Protoss Protoss
  • Spawn Location: 1:00

antagomiR - Winner!

  • Race: Protoss Protoss
  • League: Gold
  • Spawn Location: 7:00

VOD

Have the link to the VOD?

Description

Time

  • Played on: April 7, 2020, 12:51 a.m.
  • Length: 30:32
Show
View Real Time Build Order
Export as new Build Order

Benrar Protoss 

Build Orders:  

Get SALT Encoding   

  12  0:02  Probe  
  13  0:13  Pylon  
  13  0:18  Probe  
  14  0:30  Probe  
  15  0:36  Gateway  
  15  0:41  Assimilator  
  15  0:43  Probe  
  16  1:03  Probe  
  17  1:15  Probe  
  18  1:25  Cybernetics Core  
  18  1:28  Probe  
  19  1:40  Probe, Assimilator  
  20  1:52  Probe  
  21  1:59  Adept (Chrono Boost)  
  21  2:04  Warp Gate  
  23  2:25  Pylon  
  23  2:35  Nexus  
  23  2:43  Probe  
  24  2:47  Twilight Council  
  24  2:48  Robotics Facility  
  24  2:50  Adept (Chrono Boost)  
  24  2:56  Probe  
  27  3:08  Probe  
  28  3:13  Adept  
  30  3:20  Probe  
  30  3:23  Forge  
  30  3:26  Pylon  
  31  3:45  Probe (Chrono Boost)  
  34  3:48  Pylon  
  34  3:52  Probe (Chrono Boost)  
  34  3:53  Immortal (Chrono Boost)  
  39  3:56  Sentry (Chrono Boost)  
  39  3:59  Probe  
  40  4:04  Charge (Chrono Boost)  
  40  4:11  Probe  
  40  4:12  Probe  
  42  4:23  Probe  
  44  4:24  Probe  
  44  4:34  Assimilator  
  44  4:36  Probe  
  44  4:37  Assimilator  
  45  4:49  Photon Cannon  
  45  4:50  Photon Cannon  
  45  4:52  Photon Cannon  
  45  4:54  Photon Cannon  
  45  4:55  Probe  
  45  4:58  Probe  
  47  5:08  Probe  
  48  5:20  Probe  
  49  5:25  Zealot  
  49  5:26  Pylon  
  51  5:29  Pylon  
  51  5:32  Pylon  
  51  5:34  Immortal  
  51  5:35  Pylon  
  55  5:38  Probe x2  
  55  5:39  Resonating Glaives (Chrono Boost)  
  57  5:50  Probe x2  
  59  6:02  Gateway x2  
  59  6:05  Gateway  
  59  6:12  Probe  
  59  6:13  Observer  
  61  6:19  Zealot  
  61  6:25  Probe  
  64  6:36  Robotics Bay  
  64  6:37  Probe  
  65  7:03  Probe x2  
  65  7:06  Nexus  
  65  7:07  Immortal  
  72  7:15  Probe x2  
  72  7:18  Robotics Facility  
  73  7:24  Templar Archives  
  73  7:27  Probe  
  73  7:28  Probe  
  75  7:35  Zealot x2  
  75  7:36  Zealot x2  
  83  7:43  Assimilator  
  83  7:45  Colossus (Chrono Boost)  
  83  7:46  Assimilator  
  83  7:50  Extended Thermal Lance (Chrono Boost)  
  89  8:00  Stalker  
  89  8:01  Stalker  
  93  8:11  Pylon  
  92  8:14  Pylon  
  92  8:23  Probe  
  92  8:25  Probe x2  
  95  8:32  Colossus  
  101  8:35  Probe  
  101  8:37  Probe x2  
  104  8:43  High Templar x4  
  104  8:46  Protoss Ground Weapons Level 1 (Chrono Boost)  
  104  8:47  Probe  
  113  8:49  Probe x2  
  115  8:59  Probe  
  115  9:01  Probe  
  117  9:03  Forge  
  117  9:04  Archon x2  
  117  9:05  Forge  
  117  9:11  Probe  
  118  9:18  Photon Cannon  
  118  9:20  Photon Cannon  
  118  9:21  Photon Cannon, Psionic Storm  
  118  9:23  Photon Cannon  
  118  9:25  Photon Cannon, Colossus  
  124  9:36  Pylon  
  124  9:37  Pylon  
  124  9:42  Pylon  
  124  9:53  Colossus  
  124  9:58  High Templar x4  
  138  10:15  Archon x2  
  138  10:19  Immortal  
  142  10:31  High Templar  
  144  10:40  Probe  
  145  10:44  High Templar  
  145  10:45  High Templar  
  149  10:57  Pylon  
  149  10:58  Pylon  
  149  11:00  Pylon  
  149  11:04  Pylon  
  149  11:15  Immortal x2 (Chrono Boost)  
  149  11:16  Probe  
  149  11:17  Sentry  
  160  11:21  Sentry  
  160  11:22  Sentry x2  
  166  11:29  Probe  
  167  11:41  Probe, Protoss Ground Weapons Level 2 (Chrono Boost)  
  167  11:46  Protoss Shields Level 1 (Chrono Boost), Protoss Ground Armor Level 1 (Chrono Boost)  
  168  11:50  Immortal x2 (Chrono Boost)  
  176  12:14  Pylon  
  176  12:15  Stalker  
  176  12:16  Stalker  
  176  12:17  Pylon  
  176  12:20  Pylon  
  180  12:22  Pylon  
  180  12:29  Immortal x2 (Chrono Boost)  
  188  12:41  Stalker x4  
  142  13:27  High Templar x4  
  150  13:42  Gateway  
  150  13:44  Gateway  
  150  13:46  Gateway  
  150  13:47  Immortal x2 (Chrono Boost)  
  150  13:49  Gateway  
  158  14:11  High Templar  
  158  14:12  High Templar x2  
  158  14:15  Nexus  
  158  14:16  Immortal x2 (Chrono Boost), Zealot  
  174  14:39  High Templar x2  
  174  14:40  High Templar  
  174  14:43  Zealot x2  
  184  14:46  Stalker x3  
  184  14:48  Colossus  
  106  16:35  Probe  
  107  16:47  Probe  
  108  16:59  Nexus  
  108  17:04  Stargate x2, Assimilator  
  108  17:07  Stargate  
  108  17:08  Assimilator  
  108  17:09  Stargate  
  108  17:11  Unknown  
  108  17:20  Stalker x3  
  114  17:23  Stalker x3  
  114  17:24  Stalker x2  
  114  17:28  Protoss Ground Weapons Level 3 (Chrono Boost), Protoss Ground Armor Level 2 (Chrono Boost)  
  114  17:29  Protoss Shields Level 2 (Chrono Boost)  
  124  17:49  Protoss Air Weapons Level 1 (Chrono Boost)  
  124  17:50  Cybernetics Core  
  124  18:02  Fleet Beacon  
  124  18:19  Probe  
  125  18:46  Protoss Air Armor Level 1  
  125  18:47  Phoenix x4 (Chrono Boost)  
  133  19:03  Phoenix x4 (Chrono Boost)  
  133  19:09  Pylon  
  141  19:11  Pylon  
  141  19:27  Phoenix x3 (Chrono Boost)  
  141  19:28  Phoenix (Chrono Boost)  
  149  19:34  Photon Cannon x2  
  149  19:37  Photon Cannon  
  149  19:39  Photon Cannon  
  149  19:40  Photon Cannon  
  149  19:42  Mothership  
  149  19:44  Photon Cannon  
  156  19:46  Phoenix x2 (Chrono Boost)  
  156  19:47  Phoenix x2 (Chrono Boost)  
  145  20:07  Phoenix  
  127  20:13  Phoenix x3  
  125  20:32  Phoenix (Chrono Boost)  
  125  20:53  Phoenix x3 (Chrono Boost)  
  125  20:55  Phoenix (Chrono Boost)  
  115  21:09  Phoenix (Chrono Boost)  
  95  22:11  High Templar x2  
  95  22:12  High Templar x4  
  107  22:21  Nexus  
  107  22:23  Archon  
  107  22:24  Archon x2  
  107  22:27  Sentry x2  
  111  22:50  Tempest  
  116  22:54  Tempest  
  121  23:09  Nexus  
  121  23:11  Assimilator  
  121  23:16  Assimilator  
  121  23:37  Tempest x2 (Chrono Boost)  
  136  23:41  Tempest (Chrono Boost)  
  136  23:44  Nexus  
  136  23:56  Tempest (Chrono Boost)  
  141  24:06  Protoss Air Weapons Level 2 (Chrono Boost)  
  141  24:14  Tempest (Chrono Boost)  
  79  26:45  Tempest x4 (Chrono Boost)  
  79  26:52  Assimilator  
  79  26:54  Assimilator  
  99  27:11  Tempest x4 (Chrono Boost)  
  99  27:15  Protoss Air Weapons Level 3 (Chrono Boost)  
  99  27:20  Observer  
  135  28:31  High Templar  
  135  28:32  High Templar x3  
  114  29:08  High Templar x4  
  107  29:35  Archon  
  107  29:36  Archon  
Show
View Real Time Build Order
Export as new Build Order

antagomiR Protoss - Winner!

Build Orders: 1 Gate Expand, Archon Immortal 

Get SALT Encoding   

  12  0:01  Probe  
  13  0:13  Probe  
  14  0:18  Pylon  
  14  0:25  Probe  
  15  0:38  Gateway  
  15  0:45  Probe  
  16  0:57  Probe  
  16  1:00  Assimilator  
  17  1:09  Probe (Chrono Boost)  
  19  1:20  Probe (Chrono Boost)  
  19  1:24  Probe (Chrono Boost)  
  19  1:25  Cybernetics Core  
  20  1:38  Nexus  
  20  1:44  Pylon  
  20  1:46  Probe  
  21  1:58  Probe  
  22  2:18  Assimilator  
  22  2:20  Pylon  
  22  2:28  Probe  
  23  2:40  Probe  
  23  2:47  Warp Gate (Chrono Boost)  
  23  2:52  Probe  
  23  2:56  Probe  
  25  3:00  Shield Battery  
  25  3:04  Probe  
  26  3:07  Robotics Facility  
  26  3:08  Probe  
  27  3:16  Probe, Twilight Council  
  28  3:21  Probe  
  29  3:28  Probe  
  29  3:31  Adept (Chrono Boost)  
  29  3:33  Probe  
  33  3:40  Probe  
  34  3:45  Probe  
  35  3:52  Probe  
  36  3:57  Probe, Templar Archives  
  37  4:05  Probe  
  37  4:09  Probe  
  39  4:16  Assimilator  
  39  4:17  Probe  
  40  4:19  Assimilator  
  40  4:21  Probe  
  41  4:29  Probe  
  42  4:36  Gateway  
  42  4:38  Gateway, Sentry  
  44  4:51  Pylon  
  44  4:53  Probe x2  
  44  4:56  Observer (Chrono Boost)  
  47  5:05  Probe  
  48  5:10  Probe  
  48  5:12  Immortal (Chrono Boost)  
  53  5:17  Probe, Pylon  
  54  5:22  Probe  
  55  5:29  Probe  
  55  5:34  Probe  
  57  5:36  Charge (Chrono Boost)  
  57  5:37  Pylon  
  57  5:42  Probe  
  58  5:45  High Templar  
  58  5:46  Probe, High Templar, Observer  
  58  5:49  Archon  
  64  6:01  Nexus  
  64  6:04  Pylon  
  64  6:06  Pylon  
  64  6:15  Immortal  
  68  6:29  High Templar x2  
  72  6:32  Zealot  
  74  6:40  Shield Battery  
  74  6:42  Shield Battery  
  74  6:45  Assimilator  
  74  6:46  Archon  
  74  6:50  Assimilator  
  74  6:55  Immortal  
  74  7:01  Pylon  
  78  7:06  Gateway  
  78  7:07  Gateway  
  78  7:14  Forge x2, Shield Battery  
  78  7:15  Probe, Gateway  
  78  7:16  Probe x2  
  81  7:28  Probe x3  
  84  7:31  High Templar x2  
  84  7:32  High Templar  
  84  7:34  Observer  
  91  7:40  Probe  
  92  7:47  Archon  
  92  7:55  Immortal  
  96  7:59  Stargate x2  
  96  8:06  Zealot  
  96  8:07  Zealot x4  
  106  8:14  Probe x3  
  106  8:19  Zealot  
  111  8:26  Probe x3  
  114  8:44  Pylon  
  114  8:45  Pylon  
  114  8:54  Pylon  
  114  8:56  Fleet Beacon, Pylon  
  114  9:01  Photon Cannon  
  114  9:02  Immortal  
  118  9:03  Protoss Ground Weapons Level 1  
  118  9:04  Photon Cannon, Protoss Ground Armor Level 1  
  118  9:10  Zealot x3  
  118  9:11  Zealot x3  
  130  9:36  Gateway  
  130  9:37  Gateway  
  130  9:39  Tempest  
  130  9:40  Tempest  
  130  9:41  Immortal  
  130  9:45  High Templar x2  
  146  9:49  Archon  
  148  9:56  Pylon  
  148  9:57  Pylon  
  148  10:02  Dark Shrine  
  148  10:11  Nexus  
  148  10:14  Pylon  
  148  10:16  Pylon  
  148  10:19  Tempest (Chrono Boost)  
  148  10:20  Tempest (Chrono Boost)  
  148  10:21  Immortal  
  162  10:30  High Templar  
  162  10:33  Zealot x3  
  162  10:34  Zealot  
  162  10:35  High Templar x3  
  176  10:38  Archon  
  176  10:39  Archon  
  178  10:48  Shield Battery  
  178  10:51  Shield Battery  
  178  10:55  Assimilator  
  178  10:58  Assimilator  
  178  11:07  Pylon  
  178  11:08  Pylon  
  178  11:10  Pylon  
  178  11:12  Pylon  
  178  11:15  Pylon  
  178  11:19  High Templar  
  178  11:22  Tempest  
  178  11:24  Probe x3  
  188  11:36  Probe  
  188  11:38  Photon Cannon  
  189  11:40  Photon Cannon  
  189  11:45  Photon Cannon  
  189  11:51  High Templar x2  
  189  11:53  High Templar x3  
  199  11:57  Archon x2  
  199  11:59  Archon  
  199  12:12  Probe  
  200  12:37  Pylon  
  200  12:42  Protoss Ground Weapons Level 2 (Chrono Boost)  
  200  12:43  Protoss Ground Armor Level 2 (Chrono Boost)  
  105  13:25  Zealot  
  105  13:26  Zealot x5  
  117  13:27  Zealot  
  119  13:36  Immortal  
  123  13:51  High Templar x3  
  123  13:52  High Templar x2  
  123  13:55  Archon  
  133  13:56  Archon  
  133  13:57  Archon  
  133  14:04  Colossus  
  133  14:05  Colossus  
  133  14:06  Tempest x2 (Chrono Boost)  
  143  14:15  Immortal  
  147  14:21  Sentry x3  
  153  14:37  Zealot  
  155  14:39  High Templar x3  
  155  14:41  Tempest  
  155  14:42  Tempest  
  155  14:43  Archon  
  171  14:45  High Templar  
  171  14:49  Zealot x2  
  171  14:50  Zealot  
  179  14:54  Immortal  
  179  14:58  Archon  
  169  15:24  Tempest x2  
  169  15:27  Zealot x4  
  169  15:28  Zealot x4  
  189  15:34  Immortal  
  169  15:48  Stalker x3  
  169  15:49  Stalker x3  
  97  16:07  Tempest x2  
  97  16:09  Zealot  
  97  16:10  Zealot  
  111  16:13  Immortal  
  111  16:46  Pylon  
  111  16:48  Pylon  
  111  16:50  Tempest x2  
  121  17:07  Zealot  
  121  17:08  Zealot x4  
  129  17:09  Zealot x3  
  137  17:18  Nexus  
  137  17:21  Assimilator  
  137  17:25  Assimilator  
  137  17:32  Stargate  
  137  17:33  Tempest x2  
  137  17:35  Stargate  
  147  17:38  Pylon  
  147  17:40  Pylon  
  147  17:48  Immortal  
  151  17:56  High Templar  
  151  17:57  High Templar x4  
  151  17:58  High Templar x2  
  165  18:01  Archon x3  
  165  18:15  Tempest  
  165  18:16  Tempest  
  175  18:27  Immortal  
  179  18:47  Stalker x3  
  179  18:48  Sentry  
  187  18:49  Sentry x2  
  187  18:50  Zealot  
  187  18:51  Zealot  
  195  18:58  Tempest  
  134  20:19  Tempest x2  
  135  20:30  High Templar x3  
  135  20:32  Zealot  
  123  20:45  Zealot x2  
  123  20:46  Zealot x2  
  122  20:53  Zealot  
  106  21:01  Tempest  
  106  21:02  Tempest  
  106  21:03  Zealot x2  
  106  21:04  Zealot  
  90  22:05  Pylon  
  90  22:08  Pylon  
  90  22:18  Pylon  
  90  22:20  Stalker  
  90  22:21  Stalker x2  
  96  22:24  Tempest (Chrono Boost)  
  96  22:25  Tempest (Chrono Boost)  
  96  22:31  Gateway  
  96  22:33  Gateway  
  96  22:34  Gateway  
  96  22:35  Gateway  
  96  22:37  Carrier (Chrono Boost)  
  96  22:43  Gateway  
  108  22:49  Stalker x3  
  108  22:50  Stalker x2  
  118  23:01  Carrier (Chrono Boost)  
  118  23:02  Carrier (Chrono Boost)  
  118  23:03  Pylon  
  130  23:07  Carrier (Chrono Boost)  
  130  23:20  Shield Battery  
  130  23:27  Zealot  
  130  23:28  Zealot x4  
  130  23:29  Zealot  
  130  23:31  Carrier (Chrono Boost)  
  148  24:01  Tempest (Chrono Boost), Carrier (Chrono Boost)  
  159  24:04  Tempest (Chrono Boost)  
  159  24:05  Sentry x2  
  168  24:31  Zealot x2  
  168  24:32  Zealot x5  
  168  24:35  Sentry x3  
  187  24:43  Pylon  
  136  25:49  Pylon  
  136  25:51  Pylon  
  136  25:56  Pylon  
  136  26:10  Carrier  
  130  26:22  Stalker  
  130  26:23  Stalker x3  
  130  26:24  Stalker x3  
  130  26:25  Stalker  
  142  26:56  Pylon  
  142  26:57  Pylon  
  142  27:03  Pylon, Stalker  
  142  27:04  Stalker x3  
  142  27:05  Stalker x4  
  142  27:06  Pylon  
  158  27:14  Carrier  
  164  27:28  Photon Cannon  
  164  27:34  Photon Cannon, Carrier  
  170  27:38  Photon Cannon  
  170  27:43  Photon Cannon  
  170  27:49  Nexus  
  170  27:51  Unknown  
  170  27:54  Dark Templar  
  170  27:55  Dark Templar x2  
  120  29:51  Zealot x3  
  120  29:52  Zealot  
Tags
 
Composition
Archon Immortal
League
Gold
Matchup
PvP
Replay Pack
20200422
Spawn Locations
Cross Positions
Add a new tag
Caveats
  • Supply blocks, unpowered buildings, or Contaminate may cause inaccurate times.
  • Supply counts are checked every 10 seconds.